 Dungeon Crawl Stone Soup version 0.19-a0-414-g76fec5b (webtiles) character file.

112 McCoppin the Chopper (level 4, -12/37 HPs)
             Began as a Demonspawn Gladiator on June 1, 2016.
             Blown up by Ijyb (19 damage)
             ... with a wand of disintegration
             ... on level 2 of the Dungeon.
             The game lasted 00:03:15 (1409 turns).

McCoppin the Chopper (Demonspawn Gladiator)         Turns: 1409, Time: 00:03:16

Health: -12/37     AC:  7    Str: 15 (16) XL:     4   Next: 64%
Magic:  0/4        EV: 10    Int:  6 (9)  God:
Gold:   71         SH:  0    Dex: 12 (14) Spells: 0 memorised, 3 levels left

rFire  . . .     SeeInvis .     a - +0 war axe
rCold  . . .     Gourm    .     m - +0 scale mail
rNeg   . . .     Faith    .     (no shield)
rPois  .         Spirit   +     c - +0 helmet
rElec  .         Dismiss  .     (no cloak)
rCorr  .         Reflect  .     (no gloves)
SustAt .         Harm     .     (no boots)
MR     .....                    (no amulet)
Stlth  ..........               (no ring)
                                (no ring)

@: not resistant to hostile enchantments, extremely unstealthy
A: magic shield
a: no special abilities


You were on level 2 of the Dungeon.
You were not hungry.

You visited 1 branch of the dungeon, and saw 2 of its levels.

You collected 71 gold pieces.

Inventory:

Hand Weapons
 a - a +0 war axe (weapon)
Missiles
 d - 3 throwing nets (quivered)
Armour
 b - a +0 leather armour
 c - a +0 helmet (worn)
 m - a +0 scale mail (worn)
Scrolls
 e - a scroll of blinking {unknown}
 h - a scroll of recharging {unknown}
 i - a scroll of fear {unknown}
 j - a scroll of amnesia {unknown}
 k - a scroll of teleportation {unknown}
 n - a scroll of identify {unknown}
 o - 2 scrolls of remove curse {unknown}
 p - a scroll of noise {unknown}
Comestibles
 f - 3 bread rations
 g - 2 meat rations
 l - a beef jerky


   Skills:
 + Level 3.8 Fighting
 + Level 3.9 Axes
 - Level 1.7 Throwing
 - Level 2.6 Dodging


You had 3 spell levels left.
You didn't know any spells.

Dungeon Overview and Level Annotations

Branches:
Dungeon (2/15)

Altars:

Annotations:
D:2 Ijyb


Innate Abilities, Weirdness & Mutations

When hurt, damage is shared between your health and your magic reserves.


Message History

You hit Ijyb but do no damage.
Ijyb is severely wounded.
Ijyb hits you.
* * * LOW HITPOINT WARNING * * *
You hit Ijyb but do no damage.
Ijyb is severely wounded.
Ijyb hits you.
You hit Ijyb.
Ijyb is severely wounded.
You feel sick.
You are no longer poisoned.
Ijyb barely misses you.
Your scale mail prevents you from hitting Ijyb.
Ijyb is severely wounded.
Ijyb misses you. Ijyb hits you but does no damage.
You hit Ijyb but do no damage.
Ijyb is severely wounded.
Ijyb zaps a wand.
You are blasted!
Ouch! That really hurt!
You die...

..... #......#
......#######.....># .
........g..##......#
...>..#.####.##......#
... #.....÷........#
.... #.>....(#......###
..... #.......##........
......#....<..##.###.###
......g@†....(#..# #..#
..............#.## ##.##
.....##....†..#.#####..#
#... ##.####......###.#
##. #..# #).###.# #.# #
##.###††#...###).
#.#......)...()#
#...........##)÷
##..)......###..


You could see Ijyb.

Vanquished Creatures
  Terence (D:2)
  3 adders
  A worm (D:2)
  3 dart slugs (D:1)
  2 giant geckos (D:2)
  A giant cockroach (D:1)
  6 hobgoblins
  10 jackals
  6 bats
  2 giant newts
  4 goblins
  7 kobolds
  3 rats
49 creatures vanquished.

Notes
Turn   | Place    | Note
--------------------------------------------------------------
     0 | D:1      | McCoppin the Demonspawn Gladiator began the quest for the Orb.
     0 | D:1      | Reached XP level 1. HP: 16/16 MP: 1/1
     4 | D:1      | Noticed an electric eel
     4 | D:1      | Noticed an electric eel
   103 | D:1      | Gained mutation: When hurt, damage is shared between your health and your magic reserves. [demonic ancestry]
   103 | D:1      | Reached XP level 2. HP: 17/23 MP: 2/2
   554 | D:1      | Reached XP level 3. HP: 19/29 MP: 3/3
   769 | D:2      | Noticed Terence
   782 | D:2      | Killed Terence
   787 | D:2      | Reached XP level 4. HP: 5/35 MP: 1/4
  1072 | D:2      | Noticed Ijyb
  1409 | D:2      | Blown up by Ijyb

Vault maps used:
D:1:      arrival_aquarium_b
D:2:      uniq_iyjb, uniq_terence

Skill      XL: |  1  2 |
---------------+-------+-----
Axes           | 3 |  3.9
Fighting       | 3 |  3.8
Throwing       | |  1.7
Dodging        | |  2.6

Action                   |  1- 3 |  4- 6 || total
-------------------------+-------+-------++-------
Melee: War axe           |    88 |    74 ||   162
  Use: Potion            |     1 |     2 ||     3
 Stab: Sleeping          |     1 |       ||     1
  Eat: Chunk             |       |     2 ||     2
Armor: Leather armour    |    28 |     2 ||    30
       Scale mail        |       |    35 ||    35
Dodge: Dodged            |    77 |    46 ||   123
